 Dungeon Crawl Stone Soup version 0.21.1-1-g345015fe64 (webtiles) character file.

161 Hercules1031 the Conjurer (level 4, -8/36 HPs)
             Began as a Demigod Conjurer on June 9, 2018.
             Mangled by a gnoll
             ... wielding a +0 halberd
              (15 damage)
             ... on level 4 of the Dungeon.
             The game lasted 00:25:35 (3148 turns).

Hercules1031 the Conjurer (Demigod Conjurer)        Turns: 3148, Time: 00:25:35

Health: -8/36      AC:  2    Str: 11    XL:     4   Next: 97%
Magic:  1/12       EV: 12    Int: 21    God:
Gold:   117        SH:  0    Dex: 16    Spells: 3/10 levels left

rFire    + . .     SeeInvis .   e - +1 hand axe
rCold    . . .     Gourm    .   (no shield)
rNeg     . . .     Faith    .   a - +0 robe
rPois    .         Spirit   .   (no helmet)
rElec    .         Reflect  .   (no cloak)
rCorr    .         Harm     .   (no gloves)
MR       .....     Rnd*Tele +   (no boots)
Stlth    +.........             (no amulet)
HPRegen  0.12/turn              t - ring of teleportation {Hercules}
MPRegen  0.13/turn              (no ring)

@: glowing
A: fire resistance 1, high mp 1, robust 1
a: no special abilities


You were on level 4 of the Dungeon.
You were very full.

You visited 1 branch of the dungeon, and saw 4 of its levels.

You collected 117 gold pieces.

Inventory:

Hand Weapons
 e - a +1 hand axe (weapon)
 h - a +0 spear
 i - a +0 dagger
 l - a cursed -2 dagger
 n - a +0 dagger
 v - a +0 scimitar
 w - a +0 dagger
 z - a cursed +0 short sword
 A - a +0 flail
 E - a +0 hand axe
Missiles
 x - 15 poisoned needles
Armour
 a - a +0 robe (worn)
 f - a +0 robe
 g - a +0 leather armour
 k - a +0 robe
 m - a +0 ring mail
 p - a cursed +0 ring mail
 s - a +0 plate armour
 y - a +0 ring mail
 F - a +0 ring mail
 G - a +0 ring mail
 H - a +0 robe
 I - a +0 robe
Jewellery
 t - a ring of teleportation (left hand) {Hercules}
 B - an uncursed amulet of rage
 J - an uncursed amulet of magic regeneration {unknown}
Scrolls
 u - a scroll of remove curse
 D - a scroll of immolation
Potions
 d - a potion of agility {unknown}
 j - a potion of heal wounds {unknown}
 o - a potion of degeneration {unknown}
 q - a potion of resistance {unknown}
 r - a potion of magic {unknown}
 C - a potion of cancellation {unknown}
Books
 b - a book of Conjurations

   Spells                             Type                      Level
   a - Magic Dart                     Conjuration                  1
   b - Searing Ray                    Conjuration                  2
   c - Dazzling Spray                 Conjuration/Hexes            3
   d - Fulminant Prism                Conjuration/Hexes            4
   e - Force Lance                    Conjuration/Translocation    4
   f - Iskenderun's Mystic Blast      Conjuration                  4
Comestibles
 c - 4 rations


   Skills:
 - Level 1.7 Dodging
 - Level 1.8 Stealth
 * Level 3.5 Spellcasting
 + Level 4.8 Conjurations


You had 3 spell levels left.
You knew the following spells:

 Your Spells              Type           Power        Failure   Level  Hunger
a - Magic Dart            Conj           ###.         1%          1    None
b - Force Lance           Conj/Tloc      ##......     43%         4    ####...
c - Searing Ray           Conj           ###...       2%          2    ##.....


Dungeon Overview and Level Annotations

Branches:
Dungeon (4/15)
 Temple: D:4-7


Innate Abilities, Weirdness & Mutations

You have an increased reservoir of magic. (+10% MP)
Your flesh is heat resistant. (rF+)
You are robust. (+10% HP)


Message History

The gnoll seems to speed up.
Found a tiny citrine amulet.
You see here a tiny citrine amulet.
J - a tiny citrine amulet The gnoll shaman hits you with a club.
Casting: Magic Dart
Confirm with . or Enter, or press ? or * to list all spells.
Aiming: Magic Dart
Press: ? - help, Shift-Dir - straight line, f - gnoll shaman
Aim: a gnoll shaman, wielding a club and wearing a robe (lightly wounded)
The magic dart hits the gnoll shaman.
The gnoll shaman is moderately wounded.
The gnoll shaman hits you with a club.
The gnoll hits you from afar with a halberd!
* * * LOW HITPOINT WARNING * * *
The gnoll shaman completely misses you.
You feel slightly jumpy.
t - a ring of teleportation (left hand) {Hercules} The gnoll hits you from afar with a halberd!
You die...

#### ## #..
... # #.#
..##
#.##.##.....
#..@....#
####g####
###g# #...##
#.###g## #.
##.# #. #g#
#.# ##.#
#.###.##


You could see a gnoll shaman and 2 gnolls.

Vanquished Creatures
  5 gnolls
  5 adders
  An ooze (D:1)
  2 worms (D:2)
  A dart slug (D:1)
  4 leopard geckos
  8 bats
  3 giant cockroaches
  7 goblins
  5 hobgoblins
  9 kobolds
  A quokka (D:3)
  3 frilled lizards
  A rat (D:2)
55 creatures vanquished.

Notes
Turn   | Place    | Note
-------+----------+-------------------------------------------
     0 | D:1      | Hercules1031 the Demigod Conjurer began the quest for the Orb.
     0 | D:1      | Reached XP level 1. HP: 14/14 MP: 5/5
   157 | D:1      | Reached skill level 4 in Conjurations
   207 | D:1      | Reached XP level 2. HP: 20/20 MP: 2/7
   284 | D:1      | Learned a level 2 spell: Searing Ray
   431 | D:1      | Gained mutation: You are robust. (+10% HP) [potion of mutation]
   431 | D:1      | Gained mutation: Your flesh is heat resistant. (rF+) [potion of mutation]
  1032 | D:2      | Reached XP level 3. HP: 28/28 MP: 3/9
  1530 | D:2      | Found a stormy altar of Qazlal.
  1549 | D:2      | Found an ancient bone altar of Kikubaaqudgha.
  1550 | D:2      | Found a deep blue altar of Sif Muna.
  2268 | D:3      | Reached XP level 4. HP: 36/36 MP: 4/10
  2682 | D:3      | Learned a level 4 spell: Force Lance
  2685 | D:3      | Learned a level 2 spell: Searing Ray
  3148 | D:4      | Mangled by a gnoll

Skill      XL: |  1  2  3  4 |
---------------+-------------+-----
Conjurations   | 4 |  4.8
Spellcasting   | 2 3 |  3.5
Dodging        | |  1.7
Stealth        | |  1.8

Action                   |  1- 3 |  4- 6 || total
-------------------------+-------+-------++-------
Melee: Hand axe          |    11 |     6 ||    17
 Cast: Magic Dart        |    76 |    45 ||   121
       Searing Ray       |     1 |     5 ||     6
       Force Lance       |       |     1 ||     1
  Use: Scroll            |     5 |     4 ||     9
       Potion            |     1 |       ||     1
  Eat: Ration            |     3 |     1 ||     4
Armor: Robe              |     9 |     2 ||    11
Dodge: Dodged            |    34 |    22 ||    56
